 Dungeon Crawl Stone Soup version 0.16.2-12-gd0ad4c3 (webtiles) character file.

1801 Peloso the Blocker (level 8, -2/71 HPs)
             Began as a Minotaur Fighter on Oct 13, 2015.
             Was a Follower of Okawaru.
             Slain by an ice beast (13 damage)
             ... on level 5 of the Dungeon.
             The game lasted 00:16:43 (4682 turns).

Peloso the Blocker (Minotaur Fighter)               Turns: 4682, Time: 00:16:43

Health: -2/71      AC: 14    Str: 23    XL:     8   Next: 83%
Magic:  3/3        EV:  6    Int:  5    God:    Okawaru [*.....]
Gold:   282        SH: 11    Dex: 10    Spells: 0 memorised, 7 levels left

rFire  . . .     SeeInvis .     a - +0 long sword
rCold  . . .     Clarity  .     q - +1 plate armour
rNeg   + . .     SustAb   .     c - +0 shield
rPois  .         Gourm    .     (helmet restricted)
rElec  .         Spirit   .     (no cloak)
rCorr  .         Warding  .     (no gloves)
rMut   .         Stasis   .     (no boots)
MR     .....                    (no amulet)
Stlth  ..........               (no ring)
                                o - ring of positive energy

@: not resistant to hostile enchantments, extremely unstealthy
A: retaliatory headbutt, horns 2
a: Heroism, Renounce Religion


You were on level 5 of the Dungeon.
You worshipped Okawaru.
Okawaru was aware of your devotion.
You were hungry.

You visited 2 branches of the dungeon, and saw 7 of its levels.
You also visited: Sewer.

You collected 282 gold pieces.

Inventory:

Hand weapons
 a - a +0 long sword (weapon)
Armour
 b - a +0 scale mail
 c - a +0 shield (worn)
 q - a +1 plate armour (worn)
Jewellery
 o - a ring of positive energy (left hand)
Magical devices
 y - a wand of magic darts (35)
 z - a wand of disintegration (12)
Scrolls
 n - 4 scrolls of enchant armour
 p - 3 scrolls of teleportation
 r - 4 scrolls of remove curse
 s - a scroll of amnesia
 v - a scroll of magic mapping
Potions
 e - 2 potions of might
 h - a potion of restore abilities
 j - 5 potions of magic {unknown}
 l - a potion of heal wounds
 t - a potion of brilliance {unknown}
 u - 3 potions of curing {unknown}
 w - 2 potions of haste {unknown}
 x - 2 potions of mutation {unknown}
Comestibles
 d - 9 bread rations
 f - 5 meat rations
 i - 2 fruits
 A - 3 chunks of flesh


   Skills:
 + Level 6.4 Fighting
 + Level 6.4 Long Blades
 + Level 7.5 Armour
 + Level 2.5 Dodging
 + Level 0.1 Stealth
 + Level 9.1 Shields


You had 7 spell levels left.
You didn't know any spells.

Dungeon Overview and Level Annotations

Branches:
Dungeon (6/15)             Temple (1/1) D:4

Altars:
Cheibriados
Dithmenos
Elyvilon
Fedhas
Gozag
Kikubaaqudgha
Okawaru
Qazlal
Ru
Sif Muna
Xom
Yredelemnul
Zin
The Shining One
Lugonu

Shops:
D:5 ?


Innate Abilities, Weirdness & Mutations

You reflexively headbutt those who attack you in melee.
You have a pair of horns on your head.


Message History

You see here an arrow.
The centaur shoots an arrow.
You block the arrow.
You see here an arrow.
The centaur shoots an arrow.
You block the arrow.
You see here an arrow.
The centaur shoots an arrow.
The arrow hits you but does no damage.
You see here an arrow.
The centaur shoots an arrow.
The arrow hits you.
* * * LOW HITPOINT WARNING * * *
You see here an arrow.
There is a stone staircase leading up here.
The ice beast hits you but does no damage.
You climb upwards.
There is a stone staircase leading down here.
You slash the ice beast!
The ice beast is heavily wounded.
The ice beast hits you.
* * * LOW HITPOINT WARNING * * *
The ice beast freezes you!
You die...

...#....#'###............#.##....
...+....+...+............+.####.#
#+##....###.#............#.......
.......####.##+########....#.##..
.......+.#.........#..#....+..+..
.......#.+.........'..'....#..#..
.......#.##.##.########....#.##.#
....#+##.##.##.#######...###.##.#
....'........+..@....+...+...'...
....#'###.####.##Y####...##'###'#
##'##..##.####.##.###....#...##.#
...'...#........#>..#....+....+.#
##.##..+........'........#...##.#
##.##..#..##..####.......#'####.#
...###+##'##..#.....#####.....#.#
.[.##..##.##..+.....# #.....+..
##.##..'......#[....# #.....#+#


You could see an ice beast.

Vanquished Creatures
  The ghost of Peloso the Skirmisher, an average MiFi (D:5)
  Grinder (D:3)
  2 ice beasts
  An ogre (D:4)
  6 big kobolds
  A giant frog (D:6)
  A scorpion (Temple)
  2 hounds
  An orc priest (D:5)
  4 orc wizards
  3 worker ants
  A worker ant zombie (D:6)
  3 gnolls (D:3)
  12 adders
  5 river rats
  3 worms
  An adder skeleton (D:4)
  6 oozes (Sewer)
  15 orcs
  6 bats
  A bat skeleton (D:4)
  2 giant cockroaches
  10 goblins
  9 hobgoblins
  8 jackals
  16 kobolds
  A quokka (D:3)
  4 ball pythons
  2 giant geckos (D:3)
  2 giant newts
  2 quokka skeletons
  8 rats
140 creatures vanquished.

Notes
Turn   | Place    | Note
--------------------------------------------------------------
     0 | D:1      | Peloso, the Minotaur Fighter, began the quest for the Orb.
     0 | D:1      | Reached XP level 1. HP: 19/19 MP: 1/1
   157 | D:1      | Reached XP level 2. HP: 22/27 MP: 1/1
   331 | D:1      | Reached skill level 4 in Shields
   658 | D:2      | Found a white marble altar of Elyvilon.
   848 | D:2      | Reached XP level 3. HP: 33/33 MP: 2/2
  1302 | D:3      | Reached skill level 1 in Dodging
  1302 | D:3      | Reached XP level 4. HP: 23/40 MP: 2/2
  1439 | D:3      | Found a glowing drain.
  1444 | Sewer    | Entered a sewer
  1584 | Sewer    | Reached skill level 5 in Shields
  1681 | Sewer    | Noticed a big kobold
  1704 | Sewer    | Killed a big kobold
  1704 | Sewer    | Reached skill level 5 in Armour
  1704 | Sewer    | Reached XP level 5. HP: 33/47 MP: 2/2
  1824 | Sewer    | Noticed a big kobold
  1833 | Sewer    | Killed a big kobold
  1848 | Sewer    | Reached XP level 6. HP: 41/53 MP: 3/3
  1977 | Sewer    | Noticed a big kobold
  2016 | Sewer    | Killed a big kobold
  2016 | Sewer    | Reached skill level 6 in Shields
  2086 | Sewer    | Noticed a big kobold
  2126 | Sewer    | Killed a big kobold
  2126 | Sewer    | Reached skill level 5 in Fighting
  2178 | Sewer    | Noticed a big kobold
  2198 | Sewer    | Killed a big kobold
  2198 | Sewer    | Reached XP level 7. HP: 37/61 MP: 3/3
  2306 | D:3      | Noticed Grinder
  2329 | D:3      | Killed Grinder
  2638 | D:3      | Found a stormy altar of Qazlal.
  2944 | D:4      | Reached skill level 7 in Shields
  3014 | D:4      | Found a staircase to the Ecumenical Temple.
  3020 | Temple   | Entered the Ecumenical Temple
  3121 | D:4      | Reached skill level 5 in Long Blades
  3220 | D:4      | Found an iron altar of Okawaru.
  3230 | D:4      | Became a worshipper of Warmaster Okawaru
  3340 | D:4      | Reached XP level 8. HP: 70/70 MP: 3/3
  3612 | D:5      | Entered Level 5 of the Dungeon
  3688 | D:5      | Found a basalt altar of Yredelemnul.
  3851 | D:5      | Reached skill level 8 in Shields
  3955 | D:5      | Found Lidwoamn's Magic Scroll Shop.
  3980 | D:5      | Noticed Peloso's ghost (average MiFi)
  4000 | D:5      | Killed Peloso's ghost
  4000 | D:5      | Acquired Okawaru's first power
  4332 | D:5      | Found a sacrificial altar of Ru.
  4588 | D:6      | Reached skill level 9 in Shields
  4682 | D:5      | Slain by an ice beast

Action                   |  1- 3 |  4- 6 |  7- 9 || total
-------------------------+-------+-------+-------++-------
Melee: Long sword        |    99 |   296 |   259 ||   654
  Use: Scroll            |       |     3 |    12 ||    15
  Eat: Chunk             |       |     3 |     6 ||     9
       Beef jerky        |       |     1 |     1 ||     2
       Fruit             |       |       |     1 ||     1
